 Dungeon Crawl Stone Soup version 0.17.1-3-g152610e (webtiles) character file.

30 ololoev the Covered (level 3, 1/29 HPs)
             Began as a Demonspawn Fighter on Mar 21, 2016.
             Quit the game on level 5 of the Dungeon.
             The game lasted 00:01:19 (89 turns).

ololoev the Covered (Demonspawn Fighter)              Turns: 89, Time: 00:01:19

Health: 1/29       AC:  6    Str: 17    XL:     3   Next: 5%
Magic:  3/3        EV:  6    Int:  9    God:
Gold:   33         SH:  8    Dex: 12    Spells: 0 memorised, 2 levels left

rFire  . . .     SeeInvis .     a - +0 war axe
rCold  . . .     Clarity  .     b - +0 scale mail
rNeg   . . .     SustAt   .     c - +0 shield
rPois  .         Gourm    .     (no helmet)
rElec  .         Spirit   .     (no cloak)
rCorr  .         Warding  .     (no gloves)
rMut   .         Stasis   .     (no boots)
MR     .....                    (no amulet)
Stlth  ..........               (no ring)
                                d - -4 ring of slaying (curse)

@: lethally poisoned (1 -> -7), not resistant to hostile enchantments, extremely
unstealthy
A: hooves 2
a: no special abilities


Innate Abilities, Weirdness & Mutations

You have hoof-like feet.

Inventory:

Hand Weapons
 a - a +0 war axe (weapon)
Armour
 b - a +0 scale mail (worn)
 c - a +0 shield (worn)
Jewellery
 d - a cursed -4 ring of slaying (left hand)
Comestibles
 e - a bread ration


   Skills:
 - Level 3.0 Fighting
 * Level 2.8 Axes
 + Level 3.1 Armour
 - Level 2.6 Shields


You had 2 spell levels left.
You didn't know any spells.


You were on level 5 of the Dungeon.
You were not hungry.

You visited 1 branch of the dungeon, and saw 4 of its levels.

You collected 33 gold pieces.

...... ####....###
##...... #.....<...#
##.....#
..........###......###
.$........##..........
#.........##..........
#.........#...........
###....#.....5@.......
.......<†.............
.......††###.#########
..........#.a.#
####......5...#
.....##...<.. ..##..
##.....# ..# ..#
.).#### .. ... #.⌠.#

Notes
Turn   | Place    | Note
--------------------------------------------------------------
     0 | D:1      | ololoev the Demonspawn Fighter began the quest for the Orb.
     0 | D:1      | Reached XP level 1. HP: 18/18 MP: 1/1
    45 | D:2      | You fall through a shaft for 2 floors!
    56 | D:5      | Entered Level 5 of the Dungeon
    56 | D:5      | Noticed a crimson imp
    56 | D:5      | Noticed a crimson imp
    66 | D:5      | Gained mutation: You have large cloven feet. [demonic ancestry]
    66 | D:5      | Reached XP level 2. HP: 9/24 MP: 2/2
    79 | D:5      | Noticed a worker ant
    85 | D:5      | Killed a worker ant
    85 | D:5      | Gained mutation: You have hoof-like feet. [demonic ancestry]
    85 | D:5      | Reached XP level 3. HP: 4/29 MP: 3/3
    86 | D:5      | Noticed a worker ant
    87 | D:5      | HP: 1/29 [poisoned by a worker ant]
    89 | D:5      | Quit the game

Dungeon Overview and Level Annotations

Branches:
Dungeon (5/15)
 Temple: D:4-7

Altars:


Message History

The worker ant twitches its antennae in your direction.
You slash the worker ant! Your kick misses the worker ant.
The worker ant is almost dead.
You feel a little less mighty now.
The worker ant bites you but does no damage.
The crimson imp blinks!
The worker ant bites you but does no damage.
Unknown command.
You hit the worker ant but do no damage.
You kick the worker ant, but do no damage.
The worker ant is almost dead.
Your scale mail prevents you from hitting the crimson imp.
The worker ant barely misses you.
The crimson imp hits you but does no damage.
The worker ant bites you.
You are lethally poisoned!
The worker ant poisons you!
You hit the worker ant.
You kill the worker ant!
Your Armour skill increases to level 3!
You have reached level 3!
Your experience leads to an increase in your attributes!
Increase (S)trength, (I)ntelligence, or (D)exterity?
You feel stronger.
Your demonic ancestry asserts itself...
Your feet thicken and deform.
You closely miss the crimson imp.
You feel sick. You block the crimson imp's attack.
The crimson imp barely misses you.
A worker ant comes into view.
Unknown command.
You aren't carrying any potions.
Unknown command.
The worker ant twitches its antennae in your direction.
Things that are here:
a bone ring; a worker ant corpse
d - a bone ring You feel sick.
You block the crimson imp's attack.
Put on which piece of jewellery? (? for menu, Esc to quit)
Oops, that ring feels deathly cold.
d - a cursed -4 ring of slaying (left hand) Are you sure you want to abandon this character and quit the game? (Confirm with "yes".)

You could see a worker ant and 2 crimson imps.

Vanquished Creatures
  A worker ant (D:5)
  A giant cockroach (D:4)
  6 jackals (D:5)
  A kobold (D:2)
9 creatures vanquished.

Action                   || total
-------------------------++-------
Melee: War axe           ||    26
  Use: Potion            ||     1

Vault maps used:
D:1:      dpeg_arrival_shelter
D:2:      first_bread
D:4:      serial_shops, shop
D:5:      minmay_temple_entry_junction, serial_shops, shop, moated_statue,
          makhleb_blood_cavern_becter, uniq_menkaure
